 Dungeon Crawl Stone Soup version 0.29.1-1-gd02db6906a (webtiles) character file.

Game seed: 3520739052060704324

574 lonewolfV2 the Chopper (level 7, -10/60 HPs)
             Began as a Hill Orc Fighter on Sept 30, 2022.
             Mangled by an ogre
             ... wielding a +0 giant spiked club
              (27 damage)
             ... on level 5 of the Dungeon.
             The game lasted 00:06:42 (3606 turns).

lonewolfV2 the Chopper (Hill Orc Fighter)           Turns: 3606, Time: 00:06:43

Health: -10/60     AC:  8    Str: 25    XL:     7   Next: 35%
Magic:  7/7        EV: 11    Int:  4    God:
Gold:   150        SH:  5    Dex: 16    Spells: 6/6 levels left

rFire   . . .      SeeInvis .   a - +1 war axe (venom)
rCold   . . .      Faith    .   c - +0 buckler
rNeg    + . .      Spirit   .   q - +1 ring mail "Vagalal" {rN+ Int-4 Dex+4}
rPois   .          Reflect  .   (no helmet)
rElec   .          Harm     .   (no cloak)
rCorr   .          Rampage  .   g - +0 pair of gloves "Fiagov" {Str+4 Dex+2}
Will    .....                   (no boots)
Stlth   +.........              (no amulet)
HPRegen 0.20/turn               (no ring)
MPRegen 0.10/turn               (no ring)

@: brilliant
A: no striking features
a: Convert to Beogh


You were on level 5 of the Dungeon.
You visited 1 branch of the dungeon, and saw 5 of its levels.

You collected 194 gold pieces.
You spent 44 gold pieces at shops.

Inventory:

Hand Weapons
 a - a +1 war axe of venom (weapon)
Armour
 b - a +0 scale mail
 c - a +0 buckler (worn)
 g - the +0 pair of gloves "Fiagov" (worn) {Str+4 Dex+2}
   (You acquired it on level 1 of the Dungeon)

   Str:       It affects your strength (+4).
   Dex:       It affects your dexterity (+2).
 q - the +1 ring mail "Vagalal" (worn) {rN+ Int-4 Dex+4}
   (You found it on level 2 of the Dungeon)

   Int:       It affects your intelligence (-4).
   Dex:       It affects your dexterity (+4).
   rN:        It protects you from negative energy.
Scrolls
 o - 2 scrolls of identify
 p - a scroll of magic mapping
Potions
 d - 2 potions of might
 e - a potion of curing
 h - 2 potions of degeneration
 i - a potion of lignification
 j - a potion of attraction {unknown}
 k - 2 potions of magic
 m - a potion of flight {unknown}
 n - 2 potions of haste
 r - a potion of heal wounds {unknown}
 s - a potion of mutation {unknown}


   Skills:
 + Level 4.8 Fighting
 + Level 7.2 Axes
 + Level 5.0 Armour
 + Level 1.3 Dodging
 + Level 0.6 Stealth
 + Level 4.2 Shields


You had 6 spell levels left.
You didn't know any spells.
Your spell library contained the following spells:

 Spells                   Type           Power      Damage    Failure   Level
 Beastly Appendage        Tmut           0%         N/A       73%         1
 Wereblood                Tmut           0%         N/A       86%         2
 Ozocubu's Armour         Ice            0%         N/A       97%         3
 Spider Form              Tmut/Pois      0%         N/A       97%         3
 Metabolic Englaciation   Hex/Ice        0%         N/A       100%        5
 Simulacrum               Ice/Necr       0%         N/A       100%        6


Dungeon Overview and Level Annotations

Branches:
Dungeon (5/15)             Temple (0/1) D:5

Altars:
Cheibriados
Trog

Shops:
D:3 ?


Message History

The orc priest shouts, "Join the one true god or die!" (press Y on the ability menu to convert to Beogh)
The orc priest shouts!
An orc comes into view. It is wielding a +0 club.
An orc wizard comes into view. It is wielding a +0 flail.
The orc priest moves out of view.
There are monsters nearby!
A dart slug and an orc come into view.
The orc wizard shouts!
The orc shouts! x2
The orc wizard points at you and mumbles some strange words.
The puff of flame hits you.
An orc comes into view. It is wielding a +0 hand axe.
The orc wizard points at you and mumbles some strange words.
The magic dart hits you.
The orc shouts!
The ogre barely misses you.
Really read the scroll of poison?
The air fills with toxic fumes!
As you read the scroll of poison, it crumbles to dust.
The orc priest calls down the wrath of Beogh upon you.
Beogh smites you!
You barely miss the ogre. You block the ogre's attack.
The orc wizard casts a spell.
The orc wizard flickers and vanishes!
Deactivating autopickup; reactivate with Ctrl-A.
You slash the ogre!
The ogre is poisoned.
The ogre is heavily wounded.
The ogre hits you with a +0 giant spiked club!!
You barely miss the ogre.
The ogre is heavily wounded.
The ogre hits you with a +0 giant spiked club!
* * * LOW HITPOINT WARNING * * *
You feel better.
The orc priest calls down the wrath of Beogh upon you.
Pain shoots through your body!
* * * LOW HITPOINT WARNING * * *
It was a potion of brilliance.
You feel clever all of a sudden.
The ogre hits you with a +0 giant spiked club!!
You die...

#§§☼§# #§§§§# ####☼§§☼#
.. ☼§☼+§§§§# #..
§#☼☼§§§§# #..# #☼§§§§§§#
#.§§# §§☼{≈§O☼##§§#☼#
.## #o§§§l§@§☼☼§§###.
...###
§§oo§§#§§§#§☼§#...#.....
§w§o#.☼§§§§#..§..# .....
§§☼ ##§§#####.>.#####...
§ ##§§..#.....#......
#§§.#...#...#.....
#§§....###........
#§☼☼..#.#.#.......
#.......#.........


You could see an ogre (very poisoned), an iguana, an orc priest, an orc wizard,
a dart slug and 2 orcs.

Vanquished Creatures
  A phantom (D:4)
  A necrophage (D:4)
  2 scorpions (D:4)
  A howler monkey (D:5)
  2 hounds
  2 iguanas (D:4)
  An orc wizard (D:3)
  4 adders
  An ufetubus (D:4)
  4 worms
  3 dart slugs
  13 orcs
  3 ball pythons
  6 bats
  6 endoplasms
  6 goblins
  3 hobgoblins
  6 jackals
  5 kobolds
  2 quokkas
  4 frilled lizards
  A rat (D:3)
77 creatures vanquished.

Notes
Turn   | Place    | Note
-------+----------+-------------------------------------------
     0 | D:1      | lonewolfV2 the Hill Orc Fighter began the quest for the
                  | Orb.
     0 | D:1      | Reached XP level 1. HP: 19/19 MP: 1/1
   204 | D:1      | Reached XP level 2. HP: 27/27 MP: 2/2
   256 | D:1      | Found a faded altar of an unknown god.
   336 | D:1      | Identified a scroll of acquirement
   336 | D:1      | Acquired the +0 pair of gloves "Fiagov" {Str+4 Dex+2}
   365 | D:1      | Reached skill level 3 in Axes
   705 | D:1      | You fall into a shaft and drop 1 floor!
   850 | D:2      | Reached XP level 3. HP: 31/33 MP: 3/3
   903 | D:2      | Identified the +1 ring mail "Vagalal" {rN+ Int-4 Dex+4}
  1646 | D:3      | Reached XP level 4. HP: 32/40 MP: 4/4
  1895 | D:3      | Reached skill level 4 in Axes
  1953 | D:3      | Found Rudaj Tie's Magic Scroll Shop.
  1959 | D:3      | Bought a scroll of identify for 22 gold pieces
  1959 | D:3      | Bought a scroll of identify for 22 gold pieces
  2315 | D:4      | Noticed a phantom
  2328 | D:4      | Killed a phantom
  2329 | D:4      | Reached skill level 5 in Axes
  2329 | D:4      | Reached XP level 5. HP: 20/46 MP: 5/5
  2862 | D:4      | Reached skill level 1 in Dodging
  2862 | D:4      | Reached XP level 6. HP: 40/53 MP: 6/6
  3113 | D:4      | Reached skill level 6 in Axes
  3253 | D:4      | Reached skill level 5 in Armour
  3253 | D:4      | Reached XP level 7. HP: 56/60 MP: 7/7
  3351 | D:4      | Reached skill level 7 in Axes
  3476 | D:5      | Entered Level 5 of the Dungeon
  3476 | D:5      | Found a bloodstained altar of Trog.
  3557 | D:5      | Found a staircase to the Ecumenical Temple.
  3594 | D:5      | Found a snail-covered altar of Cheibriados.
  3606 | D:5      | Mangled by an ogre

Illustrated notes

Levels and vault maps discovered:
D:1:      lightli_arrival_maybe_door_vault, layout_loops_corners,
          dreamdust_ecumenical_altar_hidden_monk_grotto
D:2:      layout_basic
D:3:      layout_loops_ring, serial_shops, shop
D:4:      layout_cave_pools, glass_columns_a
D:5:      layout_basic, kennysheep_slug_shrine, bloody_trog,
          minmay_temple_entry_arrows

Skill      XL: |  1  2  3  4  5  6  7 |
---------------+----------------------+-----
Axes           | 3 5 6 7 |  7.2
Armour         | 4 5 |  5.0
Fighting       | 4 |  4.8
Shields        | 4 |  4.2
Dodging        | 1 |  1.3
Stealth        | |  0.6

Action                   |  1- 3 |  4- 6 |  7- 9 || total
-------------------------+-------+-------+-------++-------
Melee: War axe           |    88 |    83 |    12 ||   183
  Use: Scroll            |     8 |     6 |     1 ||    15
       Potion            |       |       |     2 ||     2
Armor: Scale mail        |    39 |       |       ||    39
       Ring mail         |    21 |    33 |     2 ||    56
Dodge: Dodged            |    79 |    51 |     4 ||   134
Block: Buckler           |    33 |    24 |     2 ||    59
